 Dungeon Crawl Stone Soup version 0.29-a0-266-gf56f883ddd (webtiles) character file.

Game seed: 3605568324511080331

40 gruber the Shooter (level 3, -3/30 HPs)
             Began as a Minotaur Hunter on Mar 6, 2022.
             Slain by Terence
             ... wielding a +3 short sword of speed
              (9 damage)
             ... on level 2 of the Dungeon.
             The game lasted 00:00:49 (873 turns).

gruber the Shooter (Minotaur Hunter)                 Turns: 873, Time: 00:00:50

Health: -3/30      AC:  3    Str: 16    XL:     3   Next: 30%
Magic:  2/2        EV: 12    Int:  8    God:
Gold:   131        SH:  0    Dex: 12    Spells: 2/2 levels left

rFire   . . .      SeeInvis .   a - +1 shortbow
rCold   . . .      Faith    .   (shield currently unavailable)
rNeg    . . .      Spirit   .   b - +0 leather armour
rPois   .          Reflect  .   (helmet restricted)
rElec   .          Harm     .   (no cloak)
rCorr   .          Rampage  .   (no gloves)
Will    .....                   (no boots)
Stlth   +.........              (no amulet)
HPRegen 0.10/turn               (no ring)
MPRegen 0.08/turn               (no ring)

@: no status effects
A: horns 2, retaliatory headbutt
a: no special abilities


You were on level 2 of the Dungeon.
You visited 1 branch of the dungeon, and saw 2 of its levels.

You collected 131 gold pieces.

Inventory:

Hand Weapons
 a - a +1 shortbow (weapon)
Armour
 b - a +0 leather armour (worn)
Scrolls
 c - 2 scrolls of immolation
 e - a scroll of teleportation {unknown}
 g - a scroll of vulnerability {unknown}
 h - a scroll of identify {unknown}
 i - a scroll of amnesia {unknown}
 k - a scroll of enchant armour {unknown}
Potions
 d - 2 potions of brilliance {unknown}
 f - a potion of flight {unknown}
 j - a potion of curing {unknown}


   Skills:
 - Level 2.4 Fighting
 + Level 5.7 Bows
 - Level 2.1 Dodging
 - Level 0.7 Stealth


You had 2 spell levels left.
You didn't know any spells.
Your spell library was empty.

Dungeon Overview and Level Annotations

Branches:
Dungeon (2/15)

Altars:

Annotations:
D:2 Terence


Innate Abilities, Weirdness & Mutations

You have a pair of horns on your head.
You reflexively headbutt those who attack you in melee.


Message History

You shoot an arrow. The arrow hits Terence.
Terence is moderately wounded.
Terence barely misses you.
Terence hits you with a +3 short sword of speed.
You shoot an arrow.
The arrow hits Terence but does no damage.
Terence is moderately wounded.
Terence hits you with a +3 short sword of speed!
Terence closely misses you. You furiously retaliate!
You headbutt Terence, but do no damage.
Terence is nearby!
Terence is nearby!
You are too injured to fight recklessly!
Terence is nearby!
You are too injured to fight recklessly!
Terence is nearby!
You are too injured to fight recklessly!
Terence is nearby!
You are too injured to fight recklessly!
Terence is nearby!
You are too injured to fight recklessly!
Unknown command.
Okay, then.
Okay, then.
Okay, then.
Unknown command.
Shoot: a) +1 shortbow
Press: ? - help, Q - select action Shift-Dir - straight line, f/p - Terence
Aim: Terence, wielding a +3 short sword of speed and wearing a +0 scale mail (lightly wounded, 65% to hit)
You shoot an arrow. The arrow closely misses Terence.
Terence hits you with a +3 short sword of speed!
* * * LOW HITPOINT WARNING * * *
Unknown command.
Shoot: a) +1 shortbow
Press: ? - help, Q - select action Shift-Dir - straight line, f/p - Terence
Aim: Terence, wielding a +3 short sword of speed and wearing a +0 scale mail (lightly wounded, 65% to hit)
You shoot an arrow. The arrow barely misses Terence.
Terence closely misses you. You furiously retaliate!
You headbutt Terence.
Terence hits you with a +3 short sword of speed!
You die...

.# . #.. ..
#########...
...#......#.. ..
.......... ...
#......# ....
#....@.###....
#.$.@..#....!.
#.....†#......
######....# #.......#
##.......#
#........###########
##.......†##.........
#..#.....(...########
#####.#...########


You could see Terence.

Vanquished Creatures
  An adder (D:2)
  A dart slug (D:2)
  3 ball pythons (D:1)
  3 endoplasms
  A giant cockroach (D:2)
  2 goblins (D:1)
  3 hobgoblins
  2 quokkas (D:1)
  2 bats (D:1)
  5 frilled lizards
  2 kobolds (D:1)
  3 rats
28 creatures vanquished.

Notes
Turn   | Place    | Note
-------+----------+-------------------------------------------
     0 | D:1      | gruber the Minotaur Hunter began the quest for the Orb.
     0 | D:1      | Reached XP level 1. HP: 18/18 MP: 0/0
   290 | D:1      | Reached XP level 2. HP: 25/25 MP: 1/1
   309 | D:1      | Reached skill level 5 in Bows
   311 | D:1      | Found a faded altar of an unknown god.
   796 | D:2      | Reached XP level 3. HP: 30/30 MP: 2/2
   864 | D:2      | Noticed Terence
   873 | D:2      | Slain by Terence

Illustrated notes

Levels and vault maps discovered:
D:1:      lemuel_arrival_funnel, layout_basic,
          hellmonk_ecumenical_altar_pennies_from_heaven
D:2:      layout_rooms, uniq_terence

Skill      XL: |  1  2 |
---------------+-------+-----
Bows           | 5 |  5.7
Fighting       | |  2.4
Dodging        | |  2.1
Stealth        | |  0.7

Action                   || total
-------------------------++-------
 Fire: Shortbow          ||    66
Armor: Leather armour    ||     1
Dodge: Dodged            ||    13

Table legend: (Time is in decaauts)
 A = Elapsed time spent in this place.
 B = Non-inter-level travel time spent in this place.
 C = Inter-level travel time spent in this place.
 D = Time resting spent in this place.
 E = Time spent auto-exploring this place.
 F = Levels seen in this place.
 G = Mean time per level.
                   A        B        C        D        E       F      G
               +--------+--------+--------+--------+--------+-----+--------+
         Total |    890 |    870 |     20 |      0 |    733 |   2 |  445.0 |
       Dungeon |    890 |    870 |     20 |      0 |    733 |   2 |  445.0 |
               +--------+--------+--------+--------+--------+-----+--------+

Top non-repeatable levels by time:
     D:1: 773 daAuts
     D:2: 117 daAuts
